 Dungeon Crawl Stone Soup version 0.23.1 (webtiles) character file.

Game seed: 12368464451473864689

710 Fang the Skirmisher (level 7, -3/44 HPs)
             Began as a Gargoyle Berserker on Mar 6, 2019.
             Was a Priest of Trog.
             Slain by an ogre
             ... wielding a +0 giant club
              (22 damage)
             ... on level 4 of the Dungeon.
             The game lasted 00:03:33 (3012 turns).

Fang the Skirmisher (Gargoyle Berserker)            Turns: 3012, Time: 00:03:33

Health: -3/44      AC: 17    Str: 22    XL:     7   Next: 68%
Magic:  7/7        EV:  7    Int:  8    God:    Trog [***...]
Gold:   220        SH:  0    Dex:  9    Spells: 6/6 levels left

rFire    . . .     SeeInvis .   w - +0 war axe
rCold    . . .     Gourm    +   (no shield)
rNeg     + . .     Faith    .   h - +0 plate armour
rPois    ∞         Spirit   .   (no helmet)
rElec    +         Reflect  .   (no cloak)
rCorr    .         Harm     .   (no gloves)
MR       .....                  (no boots)
Stlth    ..........             u - amulet of the gourmand
HPRegen  0.14/turn              (no ring)
MPRegen  0.10/turn              (no ring)

@: no status effects
A: negative energy resistance 1, electricity resistance, unbreathing,
petrification resistance, rot immunity, AC +4
a: Berserk, Trog's Hand, Renounce Religion


You were on level 4 of the Dungeon.
You worshipped Trog.
Trog was most pleased with you.
You were not hungry.

You visited 1 branch of the dungeon, and saw 4 of its levels.

You collected 220 gold pieces.

Inventory:

Hand Weapons
 w - a +0 war axe (weapon)
Armour
 h - a +0 plate armour (worn)
Jewellery
 u - an amulet of the gourmand (around neck)
Wands
 d - a wand of flame (33)
 r - a wand of iceblast (4)
Scrolls
 b - a scroll of blinking {unknown}
 f - a scroll of remove curse {unknown}
 i - a scroll of teleportation {unknown}
 k - 4 scrolls of immolation {unknown}
 l - a scroll of fog {unknown}
 m - 2 scrolls of enchant armour {unknown}
 n - 2 scrolls of fear {unknown}
 o - 5 scrolls of identify {unknown}
 p - 2 scrolls of magic mapping {unknown}
 s - a scroll of noise {unknown}
 v - 2 scrolls of enchant weapon {unknown}
Potions
 e - a potion of lignification {unknown}
 g - a potion of flight {unknown}
 j - 2 potions of ambrosia {unknown}
 q - 5 potions of curing {unknown}
Comestibles
 c - 10 rations


   Skills:
 + Level 5.5 Fighting
 + Level 4.5 Axes
 + Level 4.9 Armour
 + Level 3.6 Dodging


You had 6 spell levels left.
You didn't know any spells.
Your spell library was empty.

Dungeon Overview and Level Annotations

Branches:
Dungeon (4/15)             Temple (0/1) D:4

Altars:


Innate Abilities, Weirdness & Mutations

You are resistant to torment.
Your stone body is resilient. (AC +4)
You are immune to poison.
You resist negative energy. (rN+)
You are resistant to electric shocks. (rElec)
You can survive without breathing.
You are immune to petrification.
You are immune to rotting.


Message History

The ogre is almost dead.
The ogre closely misses you.
You barely miss the ogre.
The ogre is almost dead.
The ogre hits you with a +0 giant club!
You are too injured to fight recklessly!
You are too injured to fight recklessly!
You are too injured to fight recklessly!
You are too injured to fight recklessly!
You are too injured to fight recklessly!
You are too injured to fight recklessly!
You are too injured to fight recklessly!
You are too injured to fight recklessly!
You are too injured to fight recklessly!
You are too injured to fight recklessly!
You barely miss the ogre.
The ogre is almost dead.
The ogre hits you with a +0 giant club!!
Ouch! That really hurt!
You die...

### #<. #.# ... #.#
#.# #O# #@# #.#
#####.####### ###
#.......<...####.##
#######....>.##.#.##
#..........#.#
#####..##...#### ###
#..###......
#.###..# #######


You could see an ogre.

Vanquished Creatures
  Grinder (D:3)
  A centaur (D:4)
  A crimson imp (D:2)
  3 orc wizards
  4 orc priests
  Jessica (D:2)
  A worker ant (D:4)
  4 adders
  An ooze (D:4)
  An adder skeleton (D:4)
  3 worms
  A dart slug (D:1)
  15 orcs
  3 giant cockroaches
  8 goblins
  7 hobgoblins
  2 quokkas
  11 bats
  8 frilled lizards
  14 kobolds
  7 rats
97 creatures vanquished.

Notes
Turn   | Place    | Note
-------+----------+-------------------------------------------
     0 | D:1      | Fang the Gargoyle Berserker began the quest for the Orb.
     0 | D:1      | Reached XP level 1. HP: 14/14 MP: 1/1
   120 | D:1      | Reached XP level 2. HP: 19/19 MP: 2/2
   548 | D:1      | Reached XP level 3. HP: 23/23 MP: 3/3
   741 | D:2      | Reached ** piety under Trog
   974 | D:2      | Noticed Jessica
   981 | D:2      | Killed Jessica
   981 | D:2      | Reached XP level 4. HP: 29/29 MP: 4/4
  1298 | D:2      | Reached skill level 4 in Fighting
  1503 | D:3      | Reached XP level 5. HP: 26/33 MP: 5/5
  1801 | D:3      | Noticed Grinder
  1806 | D:3      | Paralysed by Grinder for 4 turns
  1825 | D:3      | Killed Grinder
  1825 | D:3      | Reached XP level 6. HP: 35/40 MP: 6/6
  1948 | D:3      | Reached skill level 5 in Fighting
  1953 | D:3      | Reached XP level 7. HP: 22/44 MP: 7/7
  2224 | D:3      | Reached *** piety under Trog
  2728 | D:4      | Found a staircase to the Ecumenical Temple.
  3012 | D:4      | Slain by an ogre

Skill      XL: |  1  2  3  4  5  6 |
---------------+-------------------+-----
Axes           | 3 4 |  4.5
Dodging        | 2 3 |  3.6
Armour         | 3 4 |  4.9
Fighting       | 4 5 |  5.5

Action                   |  1- 3 |  4- 6 |  7- 9 || total
-------------------------+-------+-------+-------++-------
Melee: Hand axe          |   106 |   186 |    99 ||   391
       War axe           |       |       |    14 ||    14
Invok: Berserk           |       |     2 |     2 ||     4
  Eat: Chunk             |       |     5 |    13 ||    18
Armor: Animal skin       |    29 |       |       ||    29
       Plate armour      |    49 |   144 |    68 ||   261
Dodge: Dodged            |    45 |    60 |    37 ||   142
